 Dungeon Crawl Stone Soup version 0.22-a0-135-g6f012ad (webtiles) character file.

121 tof the Skirmisher (level 4, 0/41 HPs)
             Began as a Minotaur Fighter on Feb 1, 2018.
             Slain by an orc
             ... wielding a +0 mace
              (2 damage)
             ... on level 3 of the Dungeon.
             The game lasted 00:02:45 (1387 turns).

tof the Skirmisher (Minotaur Fighter)               Turns: 1387, Time: 00:02:46

Health: 0/41       AC:  7    Str: 21    XL:     4   Next: 77%
Magic:  3/3        EV:  7    Int:  5    God:
Gold:   124        SH:  9    Dex: 10    Spells: 3/3 levels left

rFire    . . .     SeeInvis .   a - +0 flail
rCold    . . .     Gourm    .   c - +0 shield
rNeg     . . .     Faith    .   b - +0 scale mail
rPois    .         Spirit   .   (helmet restricted)
rElec    .         Reflect  .   (no cloak)
rCorr    .         Harm     .   (no gloves)
MR       .....                  (no boots)
Stlth    ..........             (no amulet)
HPRegen  0.13/turn              (no ring)
MPRegen  0.08/turn              (no ring)

@: no status effects
A: retaliatory headbutt, horns 2
a: no special abilities


You were on level 3 of the Dungeon.
You were hungry.

You visited 1 branch of the dungeon, and saw 3 of its levels.

You collected 124 gold pieces.

Inventory:

Hand Weapons
 a - a +0 flail (weapon)
Missiles
 i - 39 stones (quivered)
Armour
 b - a +0 scale mail (worn)
 c - a +0 shield (worn)
Scrolls
 e - a scroll of enchant weapon {unknown}
 g - a scroll of amnesia {unknown}
 k - 5 scrolls of identify {unknown}
 l - 2 scrolls of remove curse {unknown}
 m - a scroll of teleportation {unknown}
 o - a scroll of fog {unknown}
Potions
 d - a potion of might
 h - a potion of invisibility {unknown}
 j - a potion of resistance {unknown}
 n - 3 potions of haste {unknown}
 p - a potion of heal wounds {unknown}
 q - a potion of degeneration {unknown}
 r - a potion of curing {unknown}
Comestibles
 f - 5 rations


   Skills:
 + Level 4.4 Fighting
 * Level 4.2 Maces & Flails
 + Level 4.3 Armour
 + Level 4.4 Shields


You had 3 spell levels left.
You didn't know any spells.

Dungeon Overview and Level Annotations

Branches:
Dungeon (3/15)

Altars:
Fedhas
Okawaru

Annotations:
D:2 plant, exclusion: oklob plant


Innate Abilities, Weirdness & Mutations

You reflexively headbutt those who attack you in melee.
You have a pair of horns on your head.


Message History

The orc barely misses you. The orc hits you with a short sword.
* * * LOW HITPOINT WARNING * * *
You block the orc's attack.
The orc priest hits you but does no damage.
You hit the orc priest.
You kill the orc priest!
You block the orc's attack. The orc hits you with a short sword.
* * * LOW HITPOINT WARNING * * *
The orc barely misses you. You block the orc's attack.
Things that are here:
a mace; a leather armour You closely miss the orc.
You headbutt the orc.
The orc is heavily wounded.
You block the orc's attack. x2; The orc hits you with a mace.
* * * LOW HITPOINT WARNING * * *
You barely miss the orc.
The orc is heavily wounded.
You block the orc's attack. The orc hits you with a mace.
You die...

.....##......... .#
.....#.. (.....###.#
.....#.# .........##
.....#.#.###.#......###
.....#.#.#.............
....<#.#.......)....#
.....#.###..#..)o...##.#
............#..#oo.....+
.....#.#...###>#@#####.#
.......#...# #.#.....#
.....###.......#.......#
.....# #..######.......#
.....# #..# #.......#
.....# #... #.......#
..... #.## #.......# ...
+.......#


You could see 3 orcs.

Vanquished Creatures
  An orc priest (D:3)
  2 adders (D:2)
  3 gnolls (D:2)
  A worm (D:2)
  A leopard gecko (D:3)
  An orc (D:3)
  2 ball pythons
  2 giant cockroaches
  4 hobgoblins
  2 jackals (D:2)
  6 bats
  A frilled lizard (D:1)
  4 goblins
  5 kobolds
  9 rats
44 creatures vanquished.

Notes
Turn   | Place    | Note
-------+----------+-------------------------------------------
     0 | D:1      | tof the Minotaur Fighter began the quest for the Orb.
     0 | D:1      | Reached XP level 1. HP: 19/19 MP: 0/0
   190 | D:1      | Reached XP level 2. HP: 27/27 MP: 1/1
   732 | D:2      | Reached XP level 3. HP: 32/33 MP: 2/2
   844 | D:2      | Found an iron altar of Okawaru.
   866 | D:2      | Reached XP level 4. HP: 25/40 MP: 3/3
  1199 | D:2      | Found a blossoming altar of Fedhas.
  1214 | D:2      | Noticed an oklob plant
  1386 | D:3      | HP: 2/41 [orc/mace (5)]
  1387 | D:3      | Slain by an orc

Vault maps used:
D:1:      saegor_arrival_simple_e, minmay_box_of_dots
D:2:      okawaru_gym_becter, tgw_fedhas
D:3:      cheibrodos_greedy_goblins, marbit_many_paths

Skill      XL: |  1  2  3  4 |
---------------+-------------+-----
Maces & Flails | 3 4 |  4.2
Fighting       | 4 |  4.4
Armour         | 4 |  4.3
Shields        | 4 |  4.4

Action                   |  1- 3 |  4- 6 || total
-------------------------+-------+-------++-------
Melee: Flail             |    79 |    36 ||   115
       Headbutt          |     9 |     4 ||    13
  Eat: Chunk             |       |     1 ||     1
Armor: Scale mail        |    64 |    24 ||    88
Dodge: Dodged            |    28 |    17 ||    45
Block: Shield            |    67 |    41 ||   108

Table legend:
 A = Spawn XP
 B = Non-spawn XP
 C = Spawn XP percentage of total XP
 D = Spawn monster count
 E = Non-spawn monster count
 F = Spawn count percentage of total count
 G = Total turns spent on level
                    A         B        C        D         E        F      G
               +---------+---------+-------+---------+---------+-------+---------
         Total |       0 |     174 |   0.0 |       0 |      44 |   0.0 |  1387
               +---------+---------+-------+---------+---------+-------+---------
           D:1 |       0 |      20 |   0.0 |       0 |      15 |   0.0 |   586
           D:2 |       0 |     105 |   0.0 |       0 |      26 |   0.0 |   775
           D:3 |       0 |      49 |   0.0 |       0 |       3 |   0.0 |    26
               +---------+---------+-------+---------+---------+-------+---------
